 Dungeon Crawl Stone Soup version 0.32-a0-665-g3d30ec2550 (webtiles) character file.

Game seed: 16303420459009203050

49 shadizar the Magician (level 4, -7/33 HPs)
             Began as a Djinni Hedge Wizard on Mar 9, 2024.
             Killed by divine providence
             ... invoked by an orc priest
              (16 damage)
             ... on level 2 of the Dungeon.
             The game lasted 00:02:58 (2041 turns).

shadizar the Magician (Djinni Hedge Wizard)         Turns: 2041, Time: 00:02:59

Health: -7/33      AC:  3    Str:  9    XL:     4   Next: 2%
Gold:   206        EV: 17    Int: 23    God:
                   SH:  0    Dex: 13

rFire   + + .        l - +4 whip
rCold   x . .        (no shield)
rNeg    . . .        b - +0 robe
rPois   ∞            c - +0 hat
rElec   .            o - +0 cloak
rCorr   .            (no gloves)
SInv    .            (boots unavailable)
Will    .....        (no amulet)
Stlth   ++           j - +5 ring of evasion
HPRegen 0.25/turn    i - +6 ring of intelligence
MPRegen 0.00/turn

%: infuse magic (-8 HP)
@: flying
A: sickness immunity, fire resistance 2, cold vulnerability 1, float, innate
caster, HP casting, extra vitality 1
a: Convert to Beogh


You were on level 2 of the Dungeon.
You visited 1 branch of the dungeon, and saw 3 of its levels.

You collected 206 gold pieces.

Inventory:

Hand Weapons
 a - a +0 dagger
 l - a +4 whip (weapon)
Armour
 b - a +0 robe (worn)
 c - a +0 hat (worn)
 o - a +0 cloak (worn)
Jewellery
 i - a +6 ring of intelligence (right hand)
 j - a +5 ring of evasion (left hand)
Scrolls
 d - a scroll of vulnerability {unknown}
 e - a scroll of brand weapon {unknown}
 f - 4 scrolls of identify {unknown}
 g - a scroll of enchant weapon {unknown}
 h - a scroll of amnesia {unknown}
 n - a scroll of enchant armour {unknown}
 p - a scroll of revelation {unknown}
Potions
 k - a potion of enlightenment {unknown}
 m - a potion of heal wounds {unknown}


   Skills:
 + Level 1.8 Fighting
 - Level 2.4 Dodging
 - Level 1.8 Stealth
 + Level 3.5 Spellcasting
 + Level 3.5 Conjurations
 + Level 3.5 Hexes
 + Level 3.5 Summonings
 + Level 3.5 Necromancy
 + Level 3.5 Translocations
 + Level 3.5 Fire Magic
 + Level 3.5 Ice Magic
 + Level 3.5 Air Magic
 + Level 3.5 Earth Magic
 + Level 3.5 Alchemy


You knew the following spells:

 Your Spells              Type           Power      Damage    Failure   Level
a - Magic Dart            Conj           80%        1d7       2%          1
b - Slow                  Hex            80%        N/A       2%          1
c - Blink                 Tloc           40%        N/A       4%          2
d - Call Imp              Summ           40%        N/A       4%          2
e - Mephitic Cloud        Conj/Alch/Air  20%        N/A       8%          3
f - Freeze                Ice            80%        1d9       2%          1
Your spell library was empty.

Dungeon Overview and Level Annotations

Branches:
Dungeon (3/15)

Altars:
Elyvilon

Shops:
D:2 =


Innate Abilities, Weirdness & Mutations

You are immune to sickness and miasma.
You are immune to poison.
Your flesh is very heat resistant. (rF++)
You are vulnerable to cold. (rC-)
You float through the air rather than walking.
You learn spells naturally, not from books.
Your magical power is your life essence.
You have superior vitality. (+4 MHP)


Message History

Unknown command.
Unknown command.
Unknown command.
Casting: Magic Dart (safe; 2% risk of failure)
Confirm with . or Enter, or press ? or * to list all spells.
Aiming: Magic Dart (safe; 2% risk of failure)
Press: ? - help, Shift-Dir - straight line, f - orc priest
Aim: an orc priest, wielding a +1 short sword of venom (100% to hit)
The magic dart hits the orc priest.
The orc priest is heavily wounded.
The orc priest shouts, "Surrender to Beogh and we'll let you live!"
The orc priest barely misses you. The endoplasm closely misses you.
Unknown command.
Unknown command.
Casting: Magic Dart (safe; 2% risk of failure)
Confirm with . or Enter, or press ? or * to list all spells.
Aiming: Magic Dart (safe; 2% risk of failure)
Press: ? - help, Shift-Dir - straight line, f/p - orc priest
Aim: an orc priest, wielding a +1 short sword of venom (heavily wounded, 100% to hit)
The magic dart hits the orc priest.
The orc priest is almost dead.
The orc priest threatens, "Beogh's wrath is as vast as their mercy.
Make your choice!"
The orc priest invokes the aid of Beogh against you.
Pain shoots through your body! The endoplasm closely misses you.
Unknown command.
Unknown command.
Unknown command.
Unknown command.
Casting: Magic Dart (safe; 2% risk of failure)
Confirm with . or Enter, or press ? or * to list all spells.
Aiming: Magic Dart (safe; 2% risk of failure)
Press: ? - help, Shift-Dir - straight line, f/p - orc priest
Aim: an orc priest, wielding a +1 short sword of venom (almost dead, 100% to hit)
The magic dart hits the orc priest but does no damage.
The orc priest is almost dead.
The orc priest shouts, "Surrender to Beogh and we'll let you live!"
* * * LOW HITPOINT WARNING * * *
The orc priest invokes the aid of Beogh against you.
Beogh smites you!
You die...

#.##.# #.#.###.##.# #..#######
#.##.# #.#.##..##.# ##.#.....#
#.##.###.#.##.###.# #.##...##
#........#........# #.#...†.#
######.########.#########.###.###
>......# ##...#...............
.####### #.........####.†.###. .#
#.)..o....###.....### .#
#..†@.....##.....#### .#
##.J.#....##......... .#
######.........##### .#
###.#####.# .# #.#####.# .#
#.......# ## #########


You could see an orc priest and an endoplasm.

Vanquished Creatures
  A ribbon worm (D:2)
  An orc (D:3)
  2 endoplasms
  4 giant cockroaches
  6 hobgoblins
  4 quokkas
  4 ball pythons
  2 bats
  2 frilled lizards
  6 goblins
  5 kobolds
  7 rats
44 creatures vanquished.

Notes
Turn   | Place    | Note
-------+----------+-------------------------------------------
     0 | D:1      | shadizar the Djinni Hedge Wizard began the quest for the
                  | Orb.
     0 | D:1      | shadizar set off with the following spells memorised: Magic
                  | Dart, Slow, Blink, Call Imp, Mephitic Cloud.
     0 | D:1      | Reached XP level 1. HP: 15/15 MP: 0/0
   137 | D:1      | Reached XP level 2. HP: 9/21 MP: 0/0
   696 | D:1      | Reached XP level 3. HP: 21/26 MP: 0/0
   696 | D:1      | Learned a level 1 spell: Freeze
   971 | D:2      | Reached skill level 1 in Fighting
  1102 | D:2      | Found Tokleg's One-of-a-Kind Rings.
  1256 | D:2      | Found a white marble altar of Elyvilon.
  1319 | D:2      | Found a faded altar of an unknown god.
  1819 | D:2      | Identified the +3 spear "Vomyinla" {flame, Str+4 SInv}
  1938 | D:3      | Reached XP level 4. HP: 29/33 MP: 0/0
  2041 | D:2      | Killed from afar by an orc priest

Illustrated notes

Levels and vault maps discovered:
D:1:      dpeg_arrival_shrine, layout_basic
D:2:      layout_loops_corners, basic_altar,
          hellmonk_ecumenical_altar_heavens_door, nicolae_shop_unique_rings,
          minmay_gold_behind_fungi, minmay_split_cup_large
D:3:      layout_basic, nicolae_ru_path_of_blood, gup_sewer_entry_glass,
          minmay_misc_feat_columns, uniq_natasha

Skill      XL: |  1  2  3 |
---------------+----------+-----
Fighting       | 1 |  1.8
Dodging        | |  2.4
Stealth        | |  1.8
Spellcasting   | |  3.5
Conjurations   | |  3.5
Hexes          | |  3.5
Summonings     | |  3.5
Necromancy     | |  3.5
Translocations | |  3.5
Fire Magic     | |  3.5
Ice Magic      | |  3.5
Air Magic      | |  3.5
Earth Magic    | |  3.5
Alchemy        | |  3.5

Action                     |  1- 3 |  4- 6 || total
---------------------------+-------+-------++-------
  Melee: Whip              |     4 |       ||     4
   Cast: Magic Dart        |   110 |    11 ||   121
         Mephitic Cloud    |       |     2 ||     2
 Armour: Robe              |     4 |     4 ||     8
  Dodge: Dodged            |    18 |     9 ||    27

Table legend: (Time is in decaauts)
 A = Elapsed time spent in this place.
 B = Non-inter-level travel time spent in this place.
 C = Inter-level travel time spent in this place.
 D = Time resting spent in this place.
 E = Time spent auto-exploring this place.
 F = Levels seen in this place.
 G = Mean time per level.
                   A        B        C        D        E       F      G
               +--------+--------+--------+--------+--------+-----+--------+
         Total |   2041 |   1982 |     59 |      0 |   1726 |   3 |  680.3 |
       Dungeon |   2041 |   1982 |     59 |      0 |   1726 |   3 |  680.3 |
               +--------+--------+--------+--------+--------+-----+--------+

Top non-repeatable levels by time:
     D:2: 1107 daAuts
     D:1: 913 daAuts
     D:3: 21 daAuts
